 Dungeon Crawl Stone Soup version 0.31-a0-7-g51783674b7 (webtiles) character file.

Game seed: 15085521726845572244

170 cheesebisquit the Ruffian (level 5, -2/50 HPs)
             Began as a Troll Fighter on May 5, 2023.
             Slain by a gnoll
             ... wielding a +0 flail
             ... led by a gnoll bouda
              (5 damage)
             ... on level 5 of the Dungeon.
             The game lasted 00:05:34 (2450 turns).

cheesebisquit the Ruffian (Troll Fighter)           Turns: 2450, Time: 00:05:35

Health: -2/50      AC:  4    Str: 26    XL:     5   Next: 25%
Magic:  4/4        EV:  4    Int: 10    God:
Gold:   216        SH:  0    Dex:  9    Spells: 4/4 levels left

rFire   + .          .
                       - Unarmed
rCold   + . .        b - +0 kite shield
rNeg    . . .        a - +0 robe
rPois   +            (helmet restricted)
rElec   +            (no cloak)
rCorr   +            (gloves unavailable)
SInv    .            (boots unavailable)
Will    .....        (no amulet)
Stlth   +            m - +6 ring of intelligence
HPRegen 1.08/turn    (no ring)
MPRegen 0.09/turn

%: no passive effects
@: resistant, held
A: large, unfitting armour, claws 3, regeneration 1, shaggy fur 1, tough skin 1
a: no special abilities


You were on level 5 of the Dungeon.
You visited 1 branch of the dungeon, and saw 5 of its levels.

You collected 216 gold pieces.

Inventory:

Missiles
 s - 5 curare-tipped darts (quivered)
 t - a throwing net
Armour
 a - a +0 robe (worn)
 b - a +0 kite shield (worn)
Jewellery
 m - a +6 ring of intelligence (left claw)
 r - a ring of wizardry
Wands
 q - a wand of mindburst (20)
Scrolls
 d - 7 scrolls of identify {unknown}
 f - a scroll of immolation {unknown}
 i - a scroll of vulnerability {unknown}
 j - a scroll of fog {unknown}
 l - 2 scrolls of torment {unknown}
 n - a scroll of enchant armour {unknown}
 o - 2 scrolls of poison {unknown}
 p - a scroll of blinking {unknown}
Potions
 c - a potion of might
 e - a potion of resistance
 g - a potion of flight {unknown}
 h - a potion of curing
 k - a potion of heal wounds {unknown}


   Skills:
 - Level 2.4 Fighting
 - Level 2.4 Dodging
 - Level 2.6 Shields
 + Level 5.5 Unarmed Combat


You had 4 spell levels left.
You didn't know any spells.
Your spell library contained the following spells:

 Spells                   Type           Power      Damage    Failure   Level
 Ignite Poison            Fire/Tmut/Pois 0%         N/A       94%         3
 Sticky Flame             Conj/Fire      0%         2d3       100%        4
 Summon Forest            Summ/Tloc      0%         N/A       100%        5
 Eringya's Noxious Bog    Tmut/Pois      0%         N/A       100%        6
 Summon Hydra             Summ           0%         N/A       100%        7
 Ignition                 Fire           0%         3d3       100%        8


Dungeon Overview and Level Annotations

Branches:
Dungeon (5/15)
 Temple: D:4-7

Altars:
Cheibriados
Qazlal


Innate Abilities, Weirdness & Mutations

You are too large for most types of armour.
You have claws for hands.
Your natural rate of healing is unusually fast.
You are covered in fur. (AC +1)
You have tough skin. (AC +1)


Message History

Things that are here:
a throwing net; 5 curare-tipped darts
s - 5 curare-tipped darts;
t - a throwing net The gnoll shouts!
You hear a shout!
You block the adder's attack. The gnoll barely misses you.
The gnoll attacks as you move away! The gnoll hits you with a +0 flail.
The adder attacks as you move away! The adder bites you.
You are poisoned.
The adder poisons you!
You feel sick. The adder attacks as you move away! The adder barely misses you.
You feel sick.
The gnoll throws a throwing net.
The throwing net hits you.
You become entangled in the net!
The adder bites you but does no damage.
You see here a throwing net.
You struggle against the net.
You feel sick.
The gnoll hits you with a +0 flail! x2; The adder bites you but does no damage.
The gnoll hits you from afar with a +0 halberd.
You struggle against the net.
You feel sick. The gnoll hits you with a +0 flail.
The adder bites you but does no damage. The gnoll hits you with a +0 flail!
The gnoll hits you from afar with a +0 halberd.
* * * LOW HITPOINT WARNING * * *
Okay, then.
Okay, then.
Okay, then.
It was a potion of resistance.
You feel protected.
You feel sick. The adder bites you but does no damage.
The gnoll hits you with a +0 flail.
* * * LOW HITPOINT WARNING * * *
The gnoll hits you with a +0 club.
* * * LOW HITPOINT WARNING * * *
The gnoll hits you with a +0 flail.
* * * LOW HITPOINT WARNING * * *
The gnoll hits you but does no damage. The adder bites you but does no damage.
It was a potion of curing.
You feel better. The gnoll hits you with a +0 flail.
* * * LOW HITPOINT WARNING * * *
The gnoll hits you with a +0 club.
* * * LOW HITPOINT WARNING * * *
The gnoll hits you with a +0 flail.
You die...

. ##......≈.... ..
##...g..≈≈....
≈..##...≈≈≈≈≈.....
≈....gg≈≈.......#
≈≈≈≈≈≈≈≈.......##
................#
........g...#
.....#..g...# ...
#.gS@g.# .
#...g........
..............#
#........>.....#
.........#......
.#......##......
##..........##..
##.... #..#


You could see a gnoll bouda, 7 gnolls and an adder.

Vanquished Creatures
  An orc wizard (D:3)
  6 adders
  A gnoll (D:1)
  4 worms
  4 orcs (D:3)
  3 endoplasms
  11 giant cockroaches
  4 goblins
  4 hobgoblins
  2 kobolds
  4 quokkas
  7 ball pythons
  5 bats
  2 frilled lizards
  7 rats
65 creatures vanquished.

Notes
Turn   | Place    | Note
-------+----------+-------------------------------------------
     0 | D:1      | cheesebisquit the Troll Fighter began the quest for the
                  | Orb.
     0 | D:1      | Reached XP level 1. HP: 22/22 MP: 0/0
   289 | D:1      | Reached XP level 2. HP: 26/29 MP: 1/1
   449 | D:1      | Reached skill level 3 in Unarmed Combat
   838 | D:2      | Reached XP level 3. HP: 34/36 MP: 2/2
  1124 | D:2      | Reached skill level 4 in Unarmed Combat
  1175 | D:2      | Reached XP level 4. HP: 44/44 MP: 3/3
  1678 | D:3      | Reached skill level 5 in Unarmed Combat
  1795 | D:3      | Reached XP level 5. HP: 50/50 MP: 4/4
  1995 | D:3      | Found a stormy altar of Qazlal.
  2175 | D:3      | Noticed a torpor snail
  2178 | D:3      | Noticed a torpor snail
  2179 | D:3      | Found a snail-covered altar of Cheibriados.
  2179 | D:3      | Noticed a torpor snail
  2439 | D:4      | You fall into a shaft and drop 1 floor!
  2439 | D:5      | Entered Level 5 of the Dungeon
  2449 | D:5      | HP: 1/50 [gnoll/+0 flail[a gnoll bouda] (5)]
  2450 | D:5      | Slain by a gnoll

Illustrated notes

Levels and vault maps discovered:
D:1:      minmay_arrival_stair_chambers, layout_loops_ring,
          kennysheep_pointless_box, patterned_corridor
D:2:      minmay_roachtagon, layout_loops_ring, kennysheep_boxes
D:3:      layout_basic, cheibriados_altar_2, amcnicky_altar_gilded, minivault_4
D:4:      layout_rooms, grunt_gozag_breadcrumbs,
          mainiacjoe_overflow_tiny_flanked, minmay_shop_damaged,
          kennysheep_generic_room_16
D:5:      layout_cave_pools, serial_gnoll_camp, gnoll_camp_huts_moat,
          grums_kennel, gnoll_camp_mini_doghouse, gnoll_camp_mini_basic,
          gnoll_camp_mini_basic, uniq_sigmund, uniq_grinder, uniq_eustachio

Skill      XL: |  1  2  3  4 |
---------------+-------------+-----
Unarmed Combat | 3 4 5 |  5.5
Fighting       | |  2.4
Dodging        | |  2.4
Shields        | |  2.6

Action                     |  1- 3 |  4- 6 || total
---------------------------+-------+-------++-------
  Melee: Unarmed           |    93 |    82 ||   175
    Use: Potion            |       |     2 ||     2
 Armour: Robe              |    18 |    46 ||    64
  Dodge: Dodged            |    28 |    43 ||    71
  Block: Kite shield       |    26 |    24 ||    50

Table legend: (Time is in decaauts)
 A = Elapsed time spent in this place.
 B = Non-inter-level travel time spent in this place.
 C = Inter-level travel time spent in this place.
 D = Time resting spent in this place.
 E = Time spent auto-exploring this place.
 F = Levels seen in this place.
 G = Mean time per level.
                   A        B        C        D        E       F      G
               +--------+--------+--------+--------+--------+-----+--------+
         Total |   2456 |   2321 |    135 |      0 |   1903 |   5 |  491.2 |
       Dungeon |   2456 |   2321 |    135 |      0 |   1903 |   5 |  491.2 |
               +--------+--------+--------+--------+--------+-----+--------+

Top non-repeatable levels by time:
     D:3: 841 daAuts
     D:1: 821 daAuts
     D:2: 760 daAuts
     D:4: 22 daAuts
     D:5: 10 daAuts
